 Dungeon Crawl Stone Soup version 0.30-a0-702-gdf48620a09 (webtiles) character file.

Game seed: 9906842410002274286

702 NinjaNoafa the Digger (level 8, 0/57 HPs)
             Began as a Meteoran Earth Elementalist on Jan 22, 2023.
             Slain by Duvessa
             ... wielding a +0 short sword
              (14 damage)
             ... on level 4 of the Dungeon.
             The game lasted 00:14:27 (2091 turns).

NinjaNoafa the Digger (Meteoran Earth Elementalist) Turns: 2091, Time: 00:14:27

Health: 0/57       AC:  3    Str: 10    XL:     8   Next: 19%
Magic:  0/16       EV: 17    Int: 18    God:
Gold:   171        SH:  0    Dex: 15    Spells: 9/17 levels left

rFire   . . .      SeeInvis .    y - +2 scythe (protect)
rCold   + . .      Faith    .    (shield currently unavailable)
rNeg    . . .      Spirit   .    a - +0 robe
rPois   .          Reflect  .    (no helmet)
rElec   .          Harm     .    (no cloak)
rCorr   .          Rampage  .    (no gloves)
Will    +....                    f - +0 pair of boots
Stlth   +                        (no amulet)
HPRegen 0.29/turn                d - ring of protection from cold
MPRegen 0.15/turn                s - +5 ring of evasion

@: glowing
A: sense surroundings 1, otherworldly, glowing, explore regen
a: no special abilities


You were on level 4 of the Dungeon.
You visited 1 branch of the dungeon, and saw 4 of its levels.

You collected 171 gold pieces.

Inventory:

Hand Weapons
 h - a +0 dagger
 y - a +2 scythe of protection (weapon)
Missiles
 q - 2 throwing nets
Armour
 a - a +0 robe (worn)
 f - a +0 pair of boots (worn)
Jewellery
 d - a ring of protection from cold (left hand)
 m - a ring of fire
 s - a +5 ring of evasion (right hand)
Wands
 t - a wand of roots (9)
Scrolls
 c - 2 scrolls of enchant armour {unknown}
 i - a scroll of fog {unknown}
 n - a scroll of enchant weapon {unknown}
 p - a scroll of blinking {unknown}
 r - a scroll of fear {unknown}
 w - a scroll of identify {unknown}
 B - a scroll of immolation {unknown}
Potions
 e - a potion of mutation {unknown}
 g - 2 potions of lignification
 j - a potion of berserk rage {unknown}
 k - 2 potions of haste
 l - a potion of curing
 o - a potion of heal wounds {unknown}
 u - a potion of flight {unknown}
 v - a potion of resistance {unknown}
 x - a potion of brilliance {unknown}
 z - a potion of ambrosia {unknown}
 A - a potion of invisibility {unknown}


   Skills:
 - Level 2.4 Dodging
 - Level 1.4 Stealth
 + Level 5.0 Spellcasting
 + Level 4.8 Conjurations
 - Level 4.0 Translocations
 - Level 4.0 Transmutations
 + Level 5.5 Earth Magic


You had 9 spell levels left.
You knew the following spells:

 Your Spells              Type           Power      Damage    Failure   Level
a - Sandblast             Erth           48%        2d12      1%          1
b - Passwall              Tmut/Erth      17%        N/A       2%          2
c - Stone Arrow           Conj/Erth      46%        3d9       4%          3
d - Blink                 Tloc           36%        N/A       3%          2

Your spell library contained the following spells:

 Spells                   Type           Power      Damage    Failure   Level
 Necrotise                Necr           16%        1d4       13%         1
 Petrify                  Tmut/Erth      21%        N/A       19%         4
 Manifold Assault         Tloc           18%        N/A       26%         4
 Vampiric Draining        Necr           4%         2d6       36%         3
 Airstrike                Air            2%         2d(1-17)  78%         4
 Summon Lightning Spire   Summ/Air       4%         N/A       78%         4
 Lightning Bolt           Conj/Air       6%         1d18      80%         5
 Agony                    Necr           4%         N/A       98%         5
 Storm Form               Tmut/Air       5%         N/A       100%        7


Dungeon Overview and Level Annotations

Branches:
Dungeon (4/15) Zot: 265
 Temple: D:4-7

Altars:
Elyvilon
Hepliaklqana
Ru
Zin
The Shining One

Annotations:
D:4 Duvessa


Innate Abilities, Weirdness & Mutations

You passively map a small area around you.
You are easily found by Zot.
You glow in the dark.
You regain HP and MP as you explore.


Message History

Casting: Stone Arrow (dangerous; 4% risk of failure)
Confirm with . or Enter, or press ? or * to list all spells.
Aiming: Stone Arrow (dangerous; 4% risk of failure)
Press: ? - help, Shift-Dir - straight line, f - Duvessa
Aim: Duvessa, wielding a +0 short sword, wearing a +0 leather armour and carrying a wand of roots (7) (moderately wounded, berserk, constricted by roots, 100% to hit)
The stone arrow hits Duvessa.
Duvessa is moderately wounded.
The grasping roots constrict Duvessa!
The roots release their grip on Duvessa.
Duvessa closely misses you.
You hit Duvessa.
Duvessa is heavily wounded.
Duvessa hits you but does no damage. Duvessa barely misses you.
Duvessa hits you with a +0 short sword!
Casting: Stone Arrow (dangerous; 4% risk of failure)
Confirm with . or Enter, or press ? or * to list all spells.
Aiming: Stone Arrow (dangerous; 4% risk of failure)
Press: ? - help, Shift-Dir - straight line, f/p - Duvessa
Aim: Duvessa, wielding a +0 short sword, wearing a +0 leather armour and carrying a wand of roots (7) (heavily wounded, berserk, 75% to hit)
The stone arrow misses Duvessa.
Duvessa barely misses you. The orc misses you.
Casting: Stone Arrow (dangerous; 4% risk of failure)
Confirm with . or Enter, or press ? or * to list all spells.
Aiming: Stone Arrow (dangerous; 4% risk of failure)
Press: ? - help, Shift-Dir - straight line, f/p - Duvessa
Aim: Duvessa, wielding a +0 short sword, wearing a +0 leather armour and carrying a wand of roots (7) (heavily wounded, berserk, 75% to hit)
The stone arrow hits Duvessa!
Duvessa is severely wounded.
Duvessa completely misses you. The orc hits you but does no damage.
Duvessa completely misses you.
You barely miss Duvessa.
Duvessa is severely wounded.
Duvessa closely misses you. The orc barely misses you.
The giant cockroach closely misses you. Duvessa hits you with a +0 short sword.
The orc barely misses you.
You closely miss Duvessa.
Duvessa is severely wounded.
Duvessa hits you with a +0 short sword!
* * * LOW HITPOINT WARNING * * *
The giant cockroach misses you. Duvessa hits you with a +0 short sword!
You die...

....#..#......#.##.#.[...
................#........
....###.................., .##.#
#..#.......................
###.#*#..#......................
* ....#............ ..#.... *
....###........# ####.....# #
...... #.<...eo).###........#
........##.....B@.###......).#*
...B...........##)###.......####
. ...#.......##.....##...)##.##
., ##.......#.##.###....#)..#
..##.........#.##....).)..# *
......................#).##
#.#####...##..........#.## , #
#..#####...##....### ,
#..#...........##.###


You could see Duvessa (berserk), an orc and a giant cockroach.

Vanquished Creatures
  Sigmund (D:4)
  Eustachio (D:4)
  A phantom (D:4)
  Dowan (D:4)
  A howler monkey (D:4)
  Terence (D:3)
  Ijyb (D:4)
  5 gnolls
  6 adders
  2 worms
  2 dart slugs
  6 orcs (D:4)
  3 ball pythons
  2 bats
  7 endoplasms
  2 giant cockroaches
  2 goblins (D:3)
  7 hobgoblins
  4 jackals (D:1)
  3 quokkas
  6 frilled lizards
  8 kobolds
  6 rats
78 creatures vanquished.

Notes
Turn   | Place    | Note
-------+----------+-------------------------------------------
     0 | D:1      | NinjaNoafa the Meteoran Earth Elementalist began the quest
                  | for the Orb.
     0 | D:1      | Reached XP level 1. HP: 14/14 MP: 5/5
    55 | D:1      | Reached XP level 2. HP: 20/20 MP: 1/6
   125 | D:1      | Learned a level 2 spell: Passwall
   138 | D:1      | Reached XP level 3. HP: 17/26 MP: 5/8
   144 | D:1      | Learned a level 3 spell: Stone Arrow
   344 | D:2      | Reached skill level 1 in Conjurations
   344 | D:2      | Reached XP level 4. HP: 32/33 MP: 8/10
  1085 | D:3      | Reached XP level 5. HP: 38/38 MP: 9/11
  1133 | D:3      | Found a sacrificial altar of Ru.
  1304 | D:3      | Found a hazy altar of Hepliaklqana.
  1305 | D:3      | Found a white marble altar of Elyvilon.
  1311 | D:3      | Found a glowing golden altar of the Shining One.
  1311 | D:3      | Found a glowing silver altar of Zin.
  1317 | D:3      | Noticed Terence
  1321 | D:3      | Killed Terence
  1667 | D:3      | Glimpsed the power of Zot.
  1719 | D:4      | Reached skill level 1 in Translocations
  1719 | D:4      | Reached XP level 6. HP: 39/45 MP: 6/12
  1724 | D:4      | Learned a level 2 spell: Blink
  1731 | D:4      | Noticed Sigmund
  1754 | D:4      | Killed Sigmund
  1755 | D:4      | Reached XP level 7. HP: 27/50 MP: 0/13
  1840 | D:4      | Noticed Dowan
  1840 | D:4      | Noticed Ijyb
  1850 | D:4      | Killed Dowan
  1960 | D:4      | Noticed Eustachio
  1972 | D:4      | Killed Ijyb
  2012 | D:4      | Identified the +3 ring mail of the Foremost Thickets {rElec
                  | Str+6}
  2016 | D:4      | Reached skill level 5 in Earth Magic
  2079 | D:4      | Noticed Duvessa
  2085 | D:4      | Killed Eustachio
  2086 | D:4      | Reached skill level 5 in Spellcasting
  2086 | D:4      | Reached XP level 8. HP: 43/57 MP: 8/16
  2091 | D:4      | Slain by Duvessa

Illustrated notes

Levels and vault maps discovered:
D:1:      giann_horns, layout_basic, minmay_heptomino_h4
D:2:      layout_loops_corners, basic_altar
D:3:      layout_loops_ring, chequers_temple_overflow_statue_of_worship,
          nicolae_ru_path_of_blood, corexii_hall_statues_t,
          roderic_serpentine_path, kennysheep_generic_room_13, uniq_terence
D:4:      layout_cave_pools, uniq_sigmund, uniq_ijyb, uniq_eustachio,
          uniq_duvessa

Skill      XL: |  1  2  3  4  5  6  7 |
---------------+----------------------+-----
Spellcasting   | 3 5 |  5.0
Transmutations | 2 3 4 |  4.0
Earth Magic    | 4 5 |  5.5
Conjurations   | 1 3 4 |  4.8
Translocations | 1 3 4 |  4.0
Dodging        | |  2.4
Stealth        | |  1.4

Action                   |  1- 3 |  4- 6 |  7- 9 || total
-------------------------+-------+-------+-------++-------
Melee: Dagger            |     4 |     9 |       ||    13
       Unarmed           |       |     6 |     3 ||     9
       Halberd           |       |       |    24 ||    24
       Punch             |       |       |     1 ||     1
 Cast: Sandblast         |    18 |    60 |    19 ||    97
       Passwall          |     2 |     2 |     1 ||     5
       Stone Arrow       |       |     7 |    17 ||    24
       Blink             |       |       |     3 ||     3
Evoke: Wand              |       |       |     2 ||     2
  Use: Potion            |       |     3 |     1 ||     4
Armor: Robe              |     1 |    12 |    14 ||    27
       Skin              |       |    14 |     1 ||    15
Dodge: Dodged            |    13 |    30 |    66 ||   109

Table legend: (Time is in decaauts)
 A = Elapsed time spent in this place.
 B = Non-inter-level travel time spent in this place.
 C = Inter-level travel time spent in this place.
 D = Time resting spent in this place.
 E = Time spent auto-exploring this place.
 F = Levels seen in this place.
 G = Mean time per level.
                   A        B        C        D        E       F      G
               +--------+--------+--------+--------+--------+-----+--------+
         Total |   2132 |   2012 |    120 |      8 |    843 |   4 |  533.0 |
       Dungeon |   2132 |   2012 |    120 |      8 |    843 |   4 |  533.0 |
               +--------+--------+--------+--------+--------+-----+--------+

Top non-repeatable levels by time:
     D:3: 719 daAuts
     D:1: 638 daAuts
     D:2: 433 daAuts
     D:4: 340 daAuts
